[Event "Early-Titled-Tuesday-Blitz-April-23-2024"]
[Site "Chess.com"]
[Date "2024.04.23"]
[Round "4"]
[White "NigiriSushies"]
[Black "Lupul_Cenusiu"]
[Result "0-1"]
[WhiteElo "2435"]
[BlackElo "2680"]
[TimeControl "180+1"]
[EndTime "8:40:50 PDT"]
[Termination "Lupul_Cenusiu won by resignation"]

1. e4 c6 2. d4 d5 3. exd5 cxd5 4. Bd3 Nc6 5. c3 Nf6 6. Bf4 Bg4 7. Qb3 Qd7 8. Nd2 e6 9. Ngf3 Bd6 10. Bxd6 Qxd6 11. O-O O-O 12. Rfe1 Ne7 13. Ne5 Bf5 14.
h3 Rab8 15. a4 a6 16. Qa3 Qxa3 17. Rxa3 b5 18. axb5 axb5 19. Ra7 Bxd3 20. Nxd3 Nf5 21. Nb4 Nd6 22. f3 Nc4 23. Nxc4 bxc4 24. Rea1 Nh5 25. Kf2 g5 26. g3 Kg7 27. R1a6 Rfd8 28. Rxe6 Ra8 29.
Rea6 Rab8 30. Ra2 Rd6 31. Rc7 Nf6 32. Raa7 Re6 33. Rxf7+ Kh6 34. h4 gxh4 35. gxh4 Rbe8 36. Rxf6+ Rxf6 37. Nxd5 Rfe6 38. Nf4 Rb6 39. Kg3 Rg8+ 40. Kh3 Rxb2 41. Ra6+ Kg7 42. Nh5+ Kh8 43. Rh6 Rf2 44. Nf6 Rxf3+ 45. Kh2 Rf2+ 46. Kh3 Rf3+ 47. Kh2 Rg7 48.
Nh5 Re7 49. Rf6 Re2+ 50. Kg1 Rxf6 51. Nxf6 Rc2 52. Nd5 Kg7 53. h5 Kf7 54. Nf4 Rxc3 55. Kf1 Rf3+ 56. Ke2 Rxf4 57. Ke3 Rh4 58. d5 Ke7 59.
d6+ Kxd6 60. Kd2 Rxh5 61. Kc3 Rh4 62. Kb4 Rg4 0-1

[Event "Early-Titled-Tuesday-Blitz-April-23-2024"]
[Site "Chess.com"]
[Date "2024.04.23"]
[Round "4"]
[White "Veleamater"]
[Black "jk13"]
[Result "0-1"]
[WhiteElo "2451"]
[BlackElo "2678"]
[TimeControl "180+1"]
[EndTime "8:40:52 PDT"]
[Termination "jk13 won by resignation"]

1. g3 d5 2. Bg2 e6 3. d3 Nf6 4.
Nf3 g6 5. O-O Bg7 6. Nc3 O-O 7.
h3 c5 8. e4 Nc6 9. Bf4 a6 10.
g4 d4 11. Ne2 Nd7 12. Bd2 e5 13.
Ne1 b5 14. f4 exf4 15. Nxf4 Nde5 16. Nd5 Be6 17. Nf3 Nxf3+ 18. Qxf3 Ne5 19. Qg3 Rc8 20. Bf4 Nd7 21. Rf2 c4 22. Raf1 cxd3 23. cxd3 Re8 24. g5 Bxd5 25. exd5 Be5 26. Be4 Qc7 27. h4 Re7 28. h5 Bxf4 29. Rxf4 Qe5 30. Qg2 Nb6 31. hxg6 hxg6 32. Rf6 Nd7 33. d6 Nxf6 34. dxe7 Nxe4 35. Qxe4 Qxe4 36. dxe4 Re8 37. Rf6 Rxe7 38. Rxa6 Rxe4 39. Rd6 Re2 40. b4 Rd2 41. Kf1 Kf8 42. Ke1 Rxa2 43.
Rxd4 Rb2 44. Kd1 Ke7 45. Kc1 Rf2 46. Kd1 Ke6 47. Ke1 Rf5 48. Rg4 Kd5 49. Kd2 Ke5 50. Ke3 Rf1 51. Re4+ Kf5 52. Rd4 Kxg5 53. Rd5+ Rf5 54.
Rd4 Kf6 55. Ke4 Re5+ 56. Kf4 g5+ 57. Kg4 Kg6 58. Rd6+ f6 59. Rd4 Rf5 60. Kg3 Rf4 61. Rxf4 gxf4+ 62. Kxf4 f5 63. Ke5 Kg5 64. Kd4 f4 65.
Kc5 f3 66. Kxb5 f2 67. Kc6 f1=Q 0-1

[Event "Early-Titled-Tuesday-Blitz-April-23-2024"]
[Site "Chess.com"]
[Date "2024.04.23"]
[Round "4"]
[White "zurzan"]
[Black "Nf3c5"]
[Result "0-1"]
[WhiteElo "2124"]
[BlackElo "2658"]
[TimeControl "180+1"]
[EndTime "8:40:52 PDT"]
[Termination "Nf3c5 won by checkmate"]

1. c4 Nf6 2. g3 g6 3. Bg2 Bg7 4. Nf3 O-O 5. O-O d6 6. Nc3 e5 7.
d3 h6 8. Rb1 a5 9. b3 Nc6 10.
h3 Be6 11. e3 Qd7 12. Kh2 d5 13. cxd5 Nxd5 14. Nxd5 Bxd5 15. e4 Be6 16. Qe2 Rad8 17.
Rd1 Qe7 18. Bb2 Rfe8 19. Rbc1 a4 20. bxa4 Bxa2 21. Ra1 Bb3 22. Rd2 Qe6 23. a5 Rd7 24. a6 b6 25. h4 Qe7 26. Bh3 Be6 27.
Ba3 Qd8 28. Bxe6 Rxe6 29. Bb2 Re8 30. Bc3 Na7 31. Rad1 c5 32. Rb2 b5 33. Rdb1 b4 34. Bxb4 cxb4 35. Rxb4 Nc6 36. Rb6 Rc7 37. Rb7 Qd7 38.
Rxc7 Qxc7 39. Rb7 Qa5 40. d4 Nxd4 41. Nxd4 exd4 42. Qf3 Rf8 43. a7 Qa6 44. e5 Bxe5 45. Qd5 Bg7 46. Rb8 Qxa7 47. Rxf8+ Bxf8 48. Qd8 Qc5 49. Kg2 Qe5 50. g4 Kg7 51. g5 hxg5 52. hxg5 Be7 53. Qd7 Bxg5 54. Kf1 Bf6 55. Qb5 Qe4 56.
Qc4 Qh1+ 57. Ke2 Qe4+ 58. Kf1 Qf5 59. Qe2 d3 60. Qd2 Bd4 61. Kg2 Qe4+ 62. Kf1 Qh1# 0-1

[Event "Early-Titled-Tuesday-Blitz-April-23-2024"]
[Site "Chess.com"]
[Date "2024.04.23"]
[Round "4"]
[White "marcodobrikov"]
[Black "RamonManon0g"]
[Result "1-0"]
[WhiteElo "2681"]
[BlackElo "2458"]
[TimeControl "180+1"]
[EndTime "8:40:53 PDT"]
[Termination "marcodobrikov won by resignation"]

1. Nf3 Nf6 2. b3 g6 3. Bb2 Bg7 4. g4 d5 5. g5 Nh5 6. Bxg7 Nxg7 7. Nc3 d4 8. Ne4 O-O 9. h4 Bg4 10. Bg2 Nc6 11. Qc1 Nh5 12. e3 d3 13. c3 f5 14. Nc5 f4 15. Nd4 Nxd4 16. cxd4 fxe3 17. dxe3 e5 18. Qc4+ Kh8 19. Nxd3 exd4 20. Ne5 dxe3 21. fxe3 Qd6 22. Qd4 Qxd4 23. exd4 Rae8 24. Rf1 Bf5 25. Kd2 c5 26. Rae1 cxd4 27. Bxb7 Ng3 28. Rf3 Nh5 29. Bd5 Rc8 30. Nc4 Rfd8 31. Be4 Bg4 32. Rf2 Ng3 33. Rg2 Nxe4+ 34. Rxe4 Bf3 35. Rge2 d3 36. R2e3 Bxe4 37.
Rxe4 Rc6 38. Ne5 Rc2+ 39. Kd1 Rxa2 40. Nf7+ Kg7 41. Nxd8 Rb2 42. Ne6+ Kf7 43. Nc5 Rc2 44. Nxd3 Rc3 45. Kd2 Rxb3 46. Ra4 Rb7 47. Ke3 Ke6 48. Ke4 Kd6 49. Ra6+ Kc7 50. Nc5 Rb4+ 51. Ke5 Rxh4 52. Ne6+ Kb7 53. Rd6 Rg4 54. Kf6 a5 55. Kg7 a4 56.
Kxh7 a3 57. Kxg6 a2 58. Rd1 Rb4 59. Ra1 Ra4 60. Nc5+ Kc6 61. Nxa4 Kd5 62. Kf6 Kc4 63. g6 Kb3 64. g7 Kxa4 65. g8=Q Ka3 66. Qxa2+ 1-0

[Event "Early-Titled-Tuesday-Blitz-April-23-2024"]
[Site "Chess.com"]
[Date "2024.04.23"]
[Round "4"]
[White "lluiss"]
[Black "AndresDelgado77"]
[Result "1-0"]
[WhiteElo "2143"]
[BlackElo "2310"]
[TimeControl "180+1"]
[EndTime "8:40:54 PDT"]
[Termination "lluiss won on time"]

1. e4 e6 2. d4 d5 3. e5 c5 4. Nf3 Qb6 5. Bd3 Bd7 6. dxc5 Bxc5 7. Qe2 Na6 8. c3 Nc7 9. b4 Be7 10. Be3 Qc6 11. Nd4 Qa4 12. O-O b5 13. Bc2 Qa6 14.
a4 bxa4 15. Qxa6 Nxa6 16. Bxa4 Bxa4 17. Rxa4 Nc7 18. Nd2 a6 19. Rfa1 O-O-O 20. Nc6 Rd7 21. Nb3 Nh6 22. Bxh6 gxh6 23. Nxe7+ Rxe7 24. Nc5 f6 25.
exf6 Rf7 26. Nxa6 Rhf8 27. Nxc7 Kxc7 28. Ra7+ Kd6 29. Rxf7 Rxf7 30. Rb1 Rxf6 31. Kf1 Kc6 32. b5+ Kb6 33. Ke2 Rf4 34. g3 Rc4 35. Kd3 e5 36. f3 h5 37. h4 e4+ 38. fxe4 Rxe4 39. Rf1 Rg4 40. Rf5 Rxg3+ 41. Kd4 Rg4+ 42. Kxd5 Kxb5 43. Rxh5 Rc4 44. Rxh7 Rxc3 45. Rb7+ Ka6 46. Rh7 Rh3 47. Ke5 Kb6 48. h5 Kc6 49. Ke6 Kc5 50. h6 Kd4 51. Kf5 Kd5 52. Kf6 Ke4 53.
Re7+ Kf4 54. h7 Kg4 55. Kg7 1-0

[Event "Early-Titled-Tuesday-Blitz-April-23-2024"]
[Site "Chess.com"]
[Date "2024.04.23"]
[Round "4"]
[White "Silent-Killer100"]
[Black "K_A_S_T_O_R"]
[Result "0-1"]
[WhiteElo "2607"]
[BlackElo "2849"]
[TimeControl "180+1"]
[EndTime "8:40:58 PDT"]
[Termination "K_A_S_T_O_R won by resignation"]

1. e4 c5 2. Nf3 d6 3. d4 cxd4 4. Nxd4 Nf6 5. Nc3 a6 6. Be3 Nc6 7. f3 e6 8. Qd2 Be7 9. g4 O-O 10. g5 Nd7 11. h4 Nxd4 12. Bxd4 b5 13. O-O-O b4 14. Ne2 Ne5 15. f4 Nc6 16. h5 Nxd4 17. Nxd4 Bb7 18. Bd3 e5 19. Nf3 exf4 20. Qxf4 Qa5 21.
Bc4 Rac8 22. Bb3 Kh8 23. h6 g6 24. Rxd6 Qc5 25. Rd2 f6 26. Rhd1 fxg5 27. Qe5+ Bf6 28.
Qxc5 Rxc5 29. Rd6 Rcc8 30. Nd4 Bxe4 31. Ne6 Rfe8 32. Rxa6 Be5 33. Rd7 Bf5 34. Rd1 Bxe6 35. Rxe6 Bf4+ 36. Kb1 Rxe6 37. Bxe6 Rf8 38. a4 bxa3 39.
bxa3 Rb8+ 40. Ka2 g4 41. Bxg4 Bxh6 42. a4 Ra8 43. Bd7 Bf8 44. Rd5 Kg7 45. Bc6 Ra7 46. Kb3 h5 47. Rd7+ Rxd7 48. Bxd7 Bc5 49. a5 Ba7 50.
Kc4 g5 51. Kb5 g4 52. Ka6 Bd4 53. Kb7 Kf6 54. a6 Kg5 55. c3 Be3 56. c4 h4 57.
Bc6 h3 58. Bd5 g3 59. a7 Bxa7 60. Kxa7 g2 61. Bxg2 hxg2 62. c5 g1=Q 63. Kb6 Kf6 64. Kc6 Ke7 0-1

[Event "Early-Titled-Tuesday-Blitz-April-23-2024"]
[Site "Chess.com"]
[Date "2024.04.23"]
[Round "4"]
[White "Viktoker"]
[Black "WilsonPalencia21"]
[Result "1/2-1/2"]
[WhiteElo "2370"]
[BlackElo "2544"]
[TimeControl "180+1"]
[EndTime "8:40:58 PDT"]
[Termination "Game drawn - insufficient material"]

1. d4 Nf6 2. c4 c5 3. d5 e6 4. Nc3 exd5 5. Nxd5 d6 6. g3 Nxd5 7. Qxd5 Nc6 8. Bg2 Be6 9. Qe4 Be7 10. Nf3 d5 11. cxd5 Bxd5 12. Qg4 O-O 13. O-O Qc8 14. Qh5 Be4 15. Bg5 Bg6 16. Qh4 Re8 17. Rac1 Bf8 18. Be3 b6 19. Qa4 Re4 20. Qd1 Rb8 21.
Nh4 Re8 22. Nxg6 hxg6 23. a3 a5 24. Qd5 Ne7 25. Qc4 Nf5 26. Bf4 Bd6 27. e3 Bxf4 28. exf4 Nd4 29. Kh1 Qe6 30. Bd5 Qd7 31. Bg2 Rbd8 32.
Rfd1 Qe6 33. Qa6 Qe2 34. Qxb6 Qxf2 35. Rf1 Qd2 36. Rxc5 Rb8 37. Qd6 Rxb2 38. Qd5 Ne6 39. Qxd2 Rxd2 40. Rxa5 Red8 41. Ra8 Rxa8 42. Bxa8 Ra2 43.
Bd5 Rxa3 44. Bxe6 fxe6 45. Kg2 Kf7 46. Rb1 Kf6 47. Rb6 Ra5 48. Kh3 g5 49. Kg4 gxf4 50. gxf4 Ra4 51. h4 g6 52. Rb7 Ra5 53. Rb8 Ra4 54. Rf8+ Kg7 55. Rb8 Kf6 56. Rf8+ Kg7 57. Rc8 e5 58. Rc7+ Kh6 59. Rf7 exf4 60. Rxf4 Ra1 61.
Rc4 Rg1+ 62. Kh3 g5 63. hxg5+ Rxg5 64. Rc6+ Rg6 65. Rxg6+ Kxg6 1/2-1/2

[Event "Early-Titled-Tuesday-Blitz-April-23-2024"]
[Site "Chess.com"]
[Date "2024.04.23"]
[Round "4"]
[White "viviania"]
[Black "mishanick"]
[Result "0-1"]
[WhiteElo "2906"]
[BlackElo "3168"]
[TimeControl "180+1"]
[EndTime "8:41:00 PDT"]
[Termination "mishanick won on time"]

1. Nf3 d5 2. g3 g6 3. Bg2 Bg7 4.
d4 c6 5. O-O Nf6 6. b3 O-O 7.
Bb2 Nbd7 8. c4 b5 9. Nbd2 bxc4 10. bxc4 Ba6 11. Qa4 Qc8 12. cxd5 Nb6 13. Qxc6 Nfxd5 14. Rfc1 Bxe2 15. Ne5 Qxc6 16. Rxc6 e6 17. a4 Rab8 18. a5 Na4 19. Ba3 Rfc8 20. Ne4 Rxc6 21. Nxc6 Rc8 22.
Rc1 a6 23. Nd6 Rc7 24. Bxd5 exd5 25. Ne7+ Rxe7 26. Rc8+ Bf8 27. Nf5 Bg4 28. Nxe7+ Kg7 29. Nf5+ Bxf5 30. Bxf8+ Kg8 31. Rb8 f6 32. Bb4+ Kf7 33.
Ra8 Bd3 34. Ra7+ Kg8 35. Rd7 Bc4 36. f3 Nb2 37. Bc5 Nd3 38. Bb6 Ne1 39. Rd8+ Kf7 40.
Kf2 Nc2 41. Rd7+ Kg8 42. Rd8+ Kf7 43. Rd7+ Kg8 44. Rb7 h5 45. h4 Nb4 46. g4 Nd3+ 47. Kg3 Nc1 48. gxh5 gxh5 49. Kf4 Bd3 50. Ke3 Bc4 51.
Rc7 Nd3 52. Bc5 Nc1 53. Bd6 Nb3 54. Bf4 Nxa5 55. Kd2 Nb3+ 56. Kc3 a5 57. Ra7 Kf8 58. Bh6+ Ke8 59. Bg7 f5 60. Bf6 Nc1 61. Rxa5 Kf7 0-1

[Event "Early-Titled-Tuesday-Blitz-April-23-2024"]
[Site "Chess.com"]
[Date "2024.04.23"]
[Round "4"]
[White "HATilay"]
[Black "Airquake"]
[Result "1/2-1/2"]
[WhiteElo "2651"]
[BlackElo "2662"]
[TimeControl "180+1"]
[EndTime "8:41:01 PDT"]
[Termination "Game drawn - insufficient material"]

1. e4 c5 2. Nf3 d6 3. d4 cxd4 4.
Nxd4 Nf6 5. Nc3 a6 6. Be2 g6 7. Be3 Bg7 8. f3 O-O 9. Qd2 b5 10.
O-O Bb7 11. Rad1 Nbd7 12. Kh1 Qc7 13. a3 Ne5 14. Bh6 Rac8 15. Bxg7 Kxg7 16. Qg5 e6 17. f4 h6 18. Qg3 Nc4 19. Bxc4 Qxc4 20. e5 Nh5 21.
Qe3 dxe5 22. fxe5 b4 23. axb4 Qxb4 24. Ne4 Rxc2 25. Nxc2 Qxe4 26. Qxe4 Bxe4 27. Nd4 g5 28. Ne2 Rb8 29. Rd7 Bg6 30. g4 Nf4 31. Nxf4 gxf4 32.
Rxf4 Rxb2 33. h4 h5 34. gxh5 Bxh5 35. Ra7 Ra2 36. Kg1 Bg6 37. Rg4 Kh6 38. Rf4 Ra5 39. Ra8 Rxe5 40. Rxa6 Rb5 41. Kh2 Rb2+ 42. Kg3 Bh5 43.
Ra3 e5 44. Rf6+ Kg7 45. Rc6 e4 46. Re3 Bg6 47. Kf4 Rf2+ 48. Ke5 Rh2 49. Kd4 Rxh4 50.
Rc7 Kf6 51. Rc6+ Kg5 52. Rc1 f5 53. Rg1+ Rg4 54. Rf1 f4 55. Rxe4 Bxe4 56. Kxe4 Rh4 57. Rf2 Rg4 58. Rf3 Rg3 59. Rxg3+ fxg3 60. Kf3 Kh4 61. Kg2 Kg4 62. Kg1 Kf4 63. Kg2 Kg4 64.
Kg1 Kf5 65. Kg2 Kg5 66. Kxg3 1/2-1/2

[Event "Early-Titled-Tuesday-Blitz-April-23-2024"]
[Site "Chess.com"]
[Date "2024.04.23"]
[Round "4"]
[White "dontcatchmeifyoucant"]
[Black "Mikhail_Golubev"]
[Result "1-0"]
[WhiteElo "2375"]
[BlackElo "2591"]
[TimeControl "180+1"]
[EndTime "8:41:02 PDT"]
[Termination "dontcatchmeifyoucant won by resignation"]

1. e4 c5 2. Nf3 d6 3. d4 Nf6 4. Nc3 cxd4 5. Nxd4 g6 6. Be3 Bg7 7. f3 a6 8. Qd2 Nbd7 9. O-O-O h5 10. Bc4 Qc7 11.
Bb3 b5 12. Rhe1 Bb7 13. Kb1 Rc8 14. Bg1 O-O 15. h3 b4 16. Nd5 Nxd5 17. exd5 Nb6 18. Nc6 Nxd5 19. Bxd5 Bxc6 20. Bxc6 Qxc6 21. Rxe7 a5 22.
Re2 a4 23. Bd4 b3 24. Bxg7 bxa2+ 25. Ka1 Kxg7 26. Qxd6 Qb5 27. Qd3 Rc4 28. Qd5 Rc5 29. Qd3 Rb8 30. Qxb5 Rcxb5 31. c4 Rb4 32. Kxa2 Rxc4 33.
Rd7 Rbb4 34. Ree7 Rf4 35. Ka3 Rb3+ 36. Ka2 h4 37. Rb7 Rd3 38. Red7 Re3 39. Re7 Rxe7 40. Rxe7 Rd4 41. Re4 Rxe4 42. fxe4 Kf6 43. Ka3 Ke5 44.
Kxa4 Kxe4 45. b4 Kf4 46. b5 Kg3 47. b6 Kxg2 48. b7 Kxh3 49. b8=Q g5 50. Qb3+ Kh2 51. Qc2+ Kg3 52. Qd3+ Kg4 53. Qe2+ Kg3 54. Qe3+ Kg4 55. Qg1+ Kh5 56. Kb4 f5 57. Kc4 g4 58. Qf2 Kg5 59. Kd4 f4 60. Ke4 f3 61. Qc5+ Kg6 62. Qd6+ Kg5 63.
Qe5+ 1-0

[Event "Early-Titled-Tuesday-Blitz-April-23-2024"]
[Site "Chess.com"]
[Date "2024.04.23"]
[Round "4"]
[White "carloseduar100"]
[Black "DanylaBagrov"]
[Result "0-1"]
[WhiteElo "2236"]
[BlackElo "2459"]
[TimeControl "180+1"]
[EndTime "8:41:02 PDT"]
[Termination "DanylaBagrov won by checkmate"]

1. d4 d6 2. c3 c6 3. Bg5 Bg4 4. Nd2 Nd7 5. Qb3 Qb6 6. e4 e5 7. Bc4 Qxb3 8. Bxb3 Ngf6 9. f3 Be6 10. Ne2 h6 11.
Bh4 Be7 12. O-O-O O-O-O 13. Bf2 g5 14. h3 Nh5 15. d5 cxd5 16. exd5 Bf5 17. g4 Bg6 18. gxh5 Bxh5 19. Ng3 Bg6 20. Nc4 f5 21. Bxa7 b5 22. Na5 e4 23. fxe4 f4 24. Nf5 Rde8 25.
Nc6 Bf8 26. Rhe1 Rh7 27. Bd4 Rf7 28. Bc2 h5 29. Bd3 g4 30. hxg4 hxg4 31. Bxb5 f3 32. Rg1 Rxe4 33. Ne3 Bh6 34. Kd2 f2 35. Rh1 Bxe3+ 36.
Bxe3 Ne5 37. Rdf1 Nxc6 38. dxc6 g3 39. Bd3 Re6 40. Bxg6 Rxg6 41. Rh8+ Kc7 42. Bxf2 gxf2 43. Ke2 Re6+ 44. Kd2 Kxc6 45. Rh2 Ref6 46. Ke2 Re6+ 47. Kd2 Ref6 48. Ke2 Rb7 49. Rhxf2 Rxb2+ 50. Ke3 Re6+ 51. Kd3 Rb5 52. c4 Rbe5 53. Rf6 Re3+ 54. Kd4 R6e4# 0-1

[Event "Early-Titled-Tuesday-Blitz-April-23-2024"]
[Site "Chess.com"]
[Date "2024.04.23"]
[Round "4"]
[White "martinmena"]
[Black "BallottiLuca"]
[Result "0-1"]
[WhiteElo "2196"]
[BlackElo "2385"]
[TimeControl "180+1"]
[EndTime "8:41:02 PDT"]
[Termination "BallottiLuca won on time"]

1. c4 Nf6 2. g3 g6 3. Bg2 Bg7 4. Nc3 O-O 5. d3 c5 6. e4 Nc6 7.
h3 d6 8. Bg5 Ne8 9. Qd2 Nc7 10.
Bh6 Ne6 11. Bxg7 Kxg7 12. Nge2 Rb8 13. O-O a6 14. f4 Ned4 15. Nxd4 Nxd4 16. Ne2 Nxe2+ 17.
Qxe2 b5 18. b3 e6 19. Rad1 Bb7 20. f5 exf5 21. exf5 f6 22. Bxb7 Rxb7 23. Qf3 Re7 24. Rfe1 Rfe8 25. Re4 Re5 26. g4 Qa8 27. Rde1 g5 28.
Kg2 Qd8 29. Rxe5 dxe5 30. Qb7+ Re7 31. Qxa6 Qxd3 32. cxb5 Qd2+ 33. Kf1 Qd3+ 34. Kg1 Qg3+ 35. Kf1 Qxh3+ 36. Kf2 Qh2+ 37. Kf1 Qf4+ 38. Ke2 Qxg4+ 39. Kf1 Qxf5+ 40. Kg1 Qg4+ 41. Kf1 Qf3+ 42. Kg1 Qg3+ 43.
Kf1 e4 44. Qc6 e3 45. Qg2 Qf4+ 46. Kg1 Qb4 47. Re2 Qxb5 48. Qf1 Qb4 49. Qe1 Qg4+ 50. Kf1 Qf3+ 51. Kg1 Re4 52. Qf1 Rg4+ 53. Rg2 Rxg2+ 54. Qxg2 Qd1+ 55. Qf1 Qd2 56. Qc4 e2 0-1

[Event "Early-Titled-Tuesday-Blitz-April-23-2024"]
[Site "Chess.com"]
[Date "2024.04.23"]
[Round "4"]
[White "TigrVShlyape"]
[Black "vasblesk"]
[Result "0-1"]
[WhiteElo "3021"]
[BlackElo "2820"]
[TimeControl "180+1"]
[EndTime "8:41:03 PDT"]
[Termination "vasblesk won on time"]

1. e4 e5 2. Nf3 Nf6 3. Nxe5 d6 4. Nf3 Nxe4 5. Qe2 Qe7 6. d3 Nf6 7. Nc3 Qxe2+ 8. Bxe2 c6 9. Nd4 Be7 10. Bf4 Na6 11. O-O Nc5 12. Bg3 h5 13. h3 g6 14.
Rfe1 Ne6 15. Nb3 O-O 16. Ne4 d5 17. Nd6 Rd8 18. Nxc8 Raxc8 19. Bf1 Kf8 20. c3 Bd6 21. Bxd6+ Rxd6 22. d4 b6 23. a4 a5 24. h4 Rc7 25. g3 Ng7 26. Bd3 Re7 27. Nd2 Rxe1+ 28. Rxe1 Re6 29. Kf1 Rxe1+ 30. Kxe1 Ne6 31. Nf3 Nd7 32.
b4 Ke7 33. Kd2 Kd6 34. Ke3 Nb8 35. Ne5 Nd8 36. f4 Nd7 37. bxa5 bxa5 38. c4 Nxe5 39. fxe5+ Ke7 40. cxd5 cxd5 41. Be2 Ne6 42. Bf3 Nc7 43. g4 hxg4 44. Bxg4 f5 45. exf6+ Kxf6 46. Kf4 Na8 47.
Bd7 Nb6 48. Bc6 Ke6 49. Kg5 Kf7 50. Bb5 Kg7 51. Be8 Kf8 52. Bxg6 Nxa4 53. Kf6 Nc3 54. Ke5 a4 55. Bc2 a3 56. Bb3 Kg7 57. Kd6 Kg6 58. Kc5 Kh5 59. Kb4 a2 60. Bxa2 Nxa2+ 61. Kc5 Nc3 62. Kb4 Ne4 63. Kb5 Kxh4 64. Kc6 Nc3 65. Kc5 Kg4 66. Kb4 Ne4 0-1

[Event "Early-Titled-Tuesday-Blitz-April-23-2024"]
[Site "Chess.com"]
[Date "2024.04.23"]
[Round "4"]
[White "TanitoluwaAps116"]
[Black "Vse_po_kaify"]
[Result "1-0"]
[WhiteElo "2785"]
[BlackElo "2574"]
[TimeControl "180+1"]
[EndTime "8:41:04 PDT"]
[Termination "TanitoluwaAps116 won by resignation"]

1. e4 e5 2. Nf3 Nf6 3. Nc3 Bb4 4. Nxe5 O-O 5. Nd3 Bxc3 6. dxc3 Nxe4 7. Be2 Re8 8. O-O d6 9. Bf3 Nd7 10. Re1 Ndf6 11.
Bf4 Bf5 12. Nb4 Qd7 13. Nd5 Rab8 14. Bxe4 Nxe4 15. Qd4 Nc5 16. Nxc7 Qxc7 17. Bxd6 Ne6 18. Bxc7 Nxd4 19. cxd4 Rbc8 20. c3 f6 21. Bf4 Kf7 22. f3 Red8 23. Kf2 Rd7 24. g4 Be6 25. h4 Bd5 26. h5 a5 27. Rac1 a4 28. Ra1 b5 29.
Rec1 Ra7 30. Bd2 Ra6 31. b3 axb3 32. axb3 Rxa1 33. Rxa1 Bxb3 34. Ra7+ Kg8 35. h6 Bf7 36. hxg7 Kxg7 37. Rb7 Re8 38. Rxb5 Bc4 39. Rb7+ Kg6 40. Be3 Ra8 41. Rb2 Ra3 42. Rc2 Bd3 43. Rc1 Ra2+ 44. Kg3 Bc4 45. Kf4 h5 46. gxh5+ Kxh5 47. Rh1+ Kg6 48.
Ke4 Kf7 49. d5 Ra5 50. Rd1 Bb3 51. Rd4 Bc2+ 52. Kf4 Ke7 53. c4 Bb3 54. c5 Kd7 55. c6+ Kd6 56. Rb4 Bxd5 57. c7 Kxc7 58. Bb6+ Kc6 59.
Bxa5 Be6 60. Rd4 Kc5 61. Bc3 f5 62. Rd2 Bc8 63. Be5 Be6 64. Rd6 Bc8 65. Rf6 Kd5 66. Rxf5 Bxf5 67. Kxf5 Kc6 68. Ke6 1-0

[Event "Early-Titled-Tuesday-Blitz-April-23-2024"]
[Site "Chess.com"]
[Date "2024.04.23"]
[Round "4"]
[White "FuenfgegenWilly"]
[Black "CrgKrishna"]
[Result "0-1"]
[WhiteElo "2490"]
[BlackElo "2716"]
[TimeControl "180+1"]
[EndTime "8:41:05 PDT"]
[Termination "CrgKrishna won by resignation"]

1. d4 f5 2. Bg5 c6 3. Nd2 Qb6 4.
Nc4 Qb4+ 5. Nd2 Qxd4 6. Ngf3 Qb6 7. e4 fxe4 8. Ne5 g6 9. Be3 Qc7 10. Bd4 Nf6 11. Ng4 d5 12. Nxf6+ exf6 13. Bxf6 Bg7 14. Bxg7 Qxg7 15. Be2 O-O 16. c3 Nd7 17. O-O Ne5 18. Nb3 Bd7 19. Qd4 Nf7 20. Qe3 Nd6 21. Nd4 Rae8 22. b4 a6 23. a4 Rf7 24. a5 Ref8 25.
Rae1 Qe5 26. Bd1 Qf4 27. Bb3 Qxe3 28. Rxe3 Kg7 29. f3 exf3 30. Nxf3 Nf5 31. Re2 Nh4 32.
Ref2 Nxf3+ 33. Rxf3 Rxf3 34. gxf3 Re8 35. Kf2 Kf6 36.
c4 dxc4 37. Bxc4 Be6 38. Be2 Rd8 39. Rd1 Rxd1 40. Bxd1 Ke5 41. Ke3 g5 42. Bc2 h6 43. Bd1 Bd5 44. Bc2 Kd6 45. Bd1 c5 46. bxc5+ Kxc5 47. f4 Kb4 48. fxg5 hxg5 49. Kd4 Bc6 50. Ke5 Kxa5 51. Kf5 Kb4 52. Bc2 a5 53. Kxg5 a4 54. h4 a3 55. Bb1 Kb3 56. h5 a2 57.
Bxa2+ Kxa2 58. h6 Be4 59. Kf4 Bh7 60. Ke5 b5 61. Kf6 b4 62. Kg7 Bc2 63. h7 Bxh7 64. Kh8 b3 65. Kg7 b2 0-1

[Event "Early-Titled-Tuesday-Blitz-April-23-2024"]
[Site "Chess.com"]
[Date "2024.04.23"]
[Round "4"]
[White "Shtembuliak"]
[Black "frederiksvane"]
[Result "1/2-1/2"]
[WhiteElo "2861"]
[BlackElo "3035"]
[TimeControl "180+1"]
[EndTime "8:41:09 PDT"]
[Termination "Game drawn by agreement"]

1. c4 e6 2. Nc3 c5 3. Nf3 Nf6 4. g3 d5 5. cxd5 exd5 6. d4 cxd4 7. Nxd4 Nc6 8. Bg2 Bc5 9. Nb3 Bb6 10. O-O d4 11. Na4 O-O 12. Nxb6 axb6 13. Bxc6 bxc6 14. Qxd4 Be6 15. Bg5 c5 16. Bxf6 Qxf6 17. Qxf6 gxf6 18. f3 Ra4 19. Nd2 Rxa2 20. Rxa2 Bxa2 21. Ra1 Be6 22. Ra6 Rd8 23. Ne4 f5 24. Nc3 Rd6 25. Kf2 Kg7 26.
Ke3 Bc4 27. Ra7 Re6+ 28. Kf2 Rd6 29. Ke3 Re6+ 30. Kd2 b5 31. b3 Bxb3 32. Nxb5 Rh6 33. Rc7 Rxh2 34. Rxc5 Rg2 35. Nd4 Be6 36. Nxf5+ Bxf5 37. Rxf5 Rxg3 38. Ke3 Rg2 39. Rf4 h5 40. Ra4 Kf6 41.
Re4 Rg5 42. Rf4+ Kg6 43. Ra4 Rg2 44. Rb4 Kg5 45. Rb5+ f5 46. Rb8 f4+ 47. Kd3 Rf2 48. Rg8+ Kf5 49. Rf8+ Ke5 50. Rh8 Rh2 51. Rh6 Kf5 52. Rh8 Kg5 53. Rg8+ Kh4 54. Ke4 Rxe2+ 55. Kxf4 Re7 56. Rg1 Rf7+ 57. Ke3 Re7+ 58. Kf4 Rf7+ 59.
Ke3 Kh3 60. Kf2 Kh4 61. Rh1+ Kg5 62. Rg1+ Kf4 63. Ra1 Rd7 64. Ra4+ Kg5 65. Ra5+ Kg6 66.
Kg3 Rf7 1/2-1/2

[Event "Early-Titled-Tuesday-Blitz-April-23-2024"]
[Site "Chess.com"]
[Date "2024.04.23"]
[Round "4"]
[White "rhungaski"]
[Black "L4ncer"]
[Result "0-1"]
[WhiteElo "2494"]
[BlackElo "2326"]
[TimeControl "180+1"]
[EndTime "8:41:09 PDT"]
[Termination "L4ncer won by resignation"]

1. b3 a5 2. Nc3 g6 3. Bb2 Bg7 4. g3 Nf6 5. Bg2 O-O 6. f4 d5 7.
Nf3 c6 8. e3 Bf5 9. Ne2 c5 10.
O-O Nc6 11. h3 Nb4 12. d3 c4 13. bxc4 dxc4 14. e4 Be6 15. Ned4 Qb6 16. Kh2 c3 17.
Bxc3 Nxa2 18. Be1 Nd7 19. Rb1 Qd6 20. e5 Qa3 21. Nxe6 fxe6 22. Ra1 Qb2 23. Bf2 Nb4 24. Rc1 a4 25. Bd4 Qa2 26. Ra1 Qd5 27. c4 Qa5 28.
Bc3 Nc5 29. Qd2 Nb3 30. Bxb4 Nxd2 31. Bxa5 Nxf1+ 32. Bxf1 Rxa5 33. Ra3 h6 34. Nd4 Ra6 35. Nb5 g5 36. Bg2 gxf4 37. Bxb7 Rb6 38. Be4 fxg3+ 39.
Kxg3 Bxe5+ 40. Kg2 Ra6 41. Bb7 Ra5 42. d4 Bf4 43.
Bc6 Bc1 44. Rg3+ Kf7 45. Rf3+ Kg7 46. Rg3+ Kh8 47. Bd7 Rg8 48. Bxe6 Rxg3+ 49. Kxg3 a3 50. Nc3 a2 51. Nxa2 Rxa2 52. Kg4 Kg7 53. c5 Kf6 54. d5 Be3 55. c6 Bb6 56. h4 Bc7 57. Kh5 Rh2 58. Kg4 Rh1 59. Kh5 Bg3 60. Kg4 Bd6 61. Kh5 Ke5 62. Kg4 Ke4 63. Kh5 Kf3 64.
Bf5 Kg3 65. Kg6 Rxh4 66. Kf7 Rc4 67. Be6 h5 68. Kg6 h4 0-1

[Event "Early-Titled-Tuesday-Blitz-April-23-2024"]
[Site "Chess.com"]
[Date "2024.04.23"]
[Round "4"]
[White "mertfelin"]
[Black "Schattman"]
[Result "1-0"]
[WhiteElo "2267"]
[BlackElo "2464"]
[TimeControl "180+1"]
[EndTime "8:41:10 PDT"]
[Termination "mertfelin won on time"]

1. e4 e5 2. Nf3 Nc6 3. Bc4 Bc5 4. d3 Nf6 5. c3 O-O 6. O-O d5 7. exd5 Nxd5 8. Re1 Re8 9. d4 Nb6 10. dxc5 Nxc4 11. b3 Qxd1 12. Rxd1 N4a5 13. h3 Bf5 14. Na3 Rad8 15. Be3 b6 16. Nb5 Rxd1+ 17. Rxd1 Rc8 18. g4 Be4 19. Ng5 Bg6 20. Rd7 h6 21. Nf3 a6 22. Rxc7 Rd8 23. Nd6 bxc5 24. Bxc5 e4 25. Nh4 e3 26. fxe3 Ne5 27. Nxg6 fxg6 28. Rc8 Rxc8 29. Nxc8 Nd3 30. Bd4 Nc1 31. b4 Nc6 32. a4 Kf7 33. b5 axb5 34. axb5 Nb8 35. Be5 Nd7 36. Bd6 Ne2+ 37. Kf2 Nxc3 38. b6 Ne4+ 39. Kf3 Nxd6 40. Nxd6+ Ke6 41. Nc8 Nc5 42. h4 Ke5 43. Ne7 Kf6 44. Nc6 Nb7 45. Kf4 Ke6 46. Nd4+ Kd5 47.
h5 gxh5 48. gxh5 Nd6 49. Nf5 Nb7 50. Nxg7 Kc5 51. Nf5 Kxb6 52. Nxh6 Kc5 53. Nf7 Kd5 54. h6 Ke6 55. h7 Nc5 56. h8=Q Nd3+ 57. Kg3 Ne5 58.
Qxe5+ Kxf7 59. Kf4 Kg6 60. Qf5+ Kg7 61. Kg5 Kh8 62. Qd7 Kg8 63. Kg6 1-0